 Dungeon Crawl Stone Soup version 0.30-a0-782-ge64f9170bb (webtiles) character file.

Game seed: 828545247001119877

5821 kae the Transmogrifier (level 10, -15/93 HPs)
             Began as a Naga Transmuter on Feb 27, 2023.
             Was an Elder of Cheibriados.
             Demolished by a two-headed ogre
             ... wielding a +0 giant spiked club
              (29 damage)
             ... on level 10 of the Dungeon.
             The game lasted 00:08:25 (7774 turns).

kae the Transmogrifier (Naga Transmuter)            Turns: 7774, Time: 00:08:26

Health: -15/93     AC: 12    Str: 22    XL:     10   Next: 80%
Magic:  16/19      EV: 10    Int: 32    God:    Cheibriados [****..]
Gold:   249        SH:  0    Dex: 21    Spells: 12/22 levels left

rFire   x . .      SeeInvis +      - Unarmed
rCold   + + +      Faith    .    (shield currently unavailable)
rNeg    . . .      Spirit   .    (body armour currently unavailable)
rPois   +          Reflect  .    (helmet currently unavailable)
rElec   .          Harm     .    (cloak currently unavailable)
rCorr   +          Rampage  .    (gloves currently unavailable)
Will    +....                    (no barding)
Stlth   ++                       g - amulet of regeneration
HPRegen 1.15/turn                R - ring of resist corrosion
MPRegen 0.16/turn                I - +6 ring of intelligence

@: ice-form, very slow
A: freezing attack, amphibious, boosted hp, AC +3, large, see invisible,
(deformed body), (poison resistance), (slowness 2), spit poison 1, (naga tail 1)
a: Spit Poison, End Transformation, Renounce Religion, Bend Time, Temporal
Distortion, Slouch


You were on level 10 of the Dungeon.
You worshipped Cheibriados.
Cheibriados was greatly pleased with you.
You were a creature of crystalline ice.
You visited 2 branches of the dungeon, and saw 12 of its levels.

You collected 362 gold pieces.
You spent 113 gold pieces at shops.


Innate Abilities, Weirdness & Mutations

You are a creature of crystalline ice.
You have a powerful freezing melee attack.
You are amphibious.
Your maximum health is increased.
Your armour is entirely melded.
You are incapable of wielding weapons or throwing items.
((Your serpentine skin is tough. (AC +3)))
You have supernaturally acute eyesight. (SInv)
((Armour fits poorly on your strangely shaped body.))
((Your system is resistant to poisons. (rPois)))
((You cover ground very slowly.))
You can spit poison.
((You have a snake-like lower body.))


   Skills:
 - Level 1.0 Fighting
 - Level 1.5 Dodging
 + Level 7.5 Unarmed Combat
 + Level 6.6 Spellcasting
 * Level 10.1 Transmutations
 * Level 7.3 Ice Magic
 - Level 3.0 Poison Magic


You had 12 spell levels left.
You knew the following spells:

 Your Spells              Type           Power      Damage    Failure   Level
a - Beastly Appendage     Tmut           100%       N/A       1%          1
b - Wereblood             Tmut           66%        N/A       1%          2
c - Spider Form           Tmut/Pois      51%        N/A       1%          3
d - Ice Form              Ice/Tmut       60%        N/A       1%          4

Your spell library contained the following spells:

 Spells                   Type           Power      Damage    Failure   Level
 Sting                    Tmut/Pois      100%       1d8       1%          1
 Ensorcelled Hibernation  Hex/Ice        68%        N/A       1%          2
 Passwall                 Tmut/Erth      35%        N/A       1%          2
 Poisonous Vapours        Pois/Air       40%        N/A       3%          2
 Petrify                  Tmut/Erth      42%        N/A       5%          4
 Sublimation of Blood     Necr           10%        N/A       7%          2
 Dazzling Flash           Conj/Hex       20%        N/A       13%         3
 Swiftness                Air            10%        N/A       13%         3
 Olgreb's Toxic Radiance  Pois           29%        N/A       13%         4
 Metabolic Englaciation   Hex/Ice        17%        N/A       26%         5
 Anguish                  Hex/Necr       5%         N/A       41%         4
 Statue Form              Tmut/Erth      28%        N/A       63%         6
 Agony                    Necr           10%        N/A       77%         5
 Silence                  Hex/Air        5%         N/A       77%         5
 Summon Hydra             Summ           5%         N/A       100%        7

Inventory:

Missiles
 c - 2 throwing nets {=f!f}
 i - 11 boomerangs
 j - 65 stones
 l - a curare-tipped dart {=f}
 z - 2 poisoned darts
Armour
 a - a +1 robe (melded)
Jewellery
 g - an amulet of regeneration (around neck)
   (You took it off an orc on level 3 of the Dungeon)
 F - the ring of Fuadiceur {Fire Str+5}
   (You found it on level 3 of the Dungeon)

   [ring of fire]

   It enhances your fire magic.
   Str:       It affects your strength (+5).
   rF:        It protects you from fire.
   rC:        It makes you vulnerable to cold.
 I - a +6 ring of intelligence (right front paw)
   (You found it on level 7 of the Dungeon)
 R - a ring of resist corrosion (left front paw)
   (You took it off a hobgoblin on level 4 of the Dungeon)
 S - a +6 ring of strength
   (You found it on level 8 of the Dungeon)
Wands
 p - a wand of acid (8)
   (You found it on level 3 of the Dungeon)
 A - a wand of iceblast (12)
   (You found it on level 6 of the Dungeon)
 B - a wand of charming (7)
   (You found it on level 7 of the Dungeon)
 D - a wand of flame (20)
   (You took it off an orc on level 8 of the Dungeon)
Scrolls
 d - 5 scrolls of magic mapping {!r}
 e - a scroll of enchant armour
 f - a scroll of silence {!r}
 h - 2 scrolls of immolation {!r!r}
 k - 3 scrolls of teleportation {@r4}
 t - 2 scrolls of poison
 x - a scroll of enchant weapon
 y - a scroll of fog
 C - 2 scrolls of vulnerability {!r!r}
 E - 2 scrolls of identify {@r1}
Potions
 b - 2 potions of lignification {!q}
 m - a potion of haste {forbidden@q3}
 n - 3 potions of curing {@q1}
 o - 2 potions of cancellation
 q - 2 potions of brilliance {unknown}
 s - a potion of attraction {!q}
 u - 3 potions of degeneration {unknown}
 v - 3 potions of flight {unknown}
 w - 2 potions of berserk rage {!q}

Dungeon Overview and Level Annotations

Branches:
Dungeon (11/15) Zot: 40284  Temple (1/1) D:5 Zot: 8870     Orc (0/2) D:11
   Lair: D:8-11

Altars:
Cheibriados
Dithmenos
Elyvilon
Fedhas
Gozag
Hepliaklqana
Makhleb
Nemelex Xobeh
Okawaru
Qazlal
Ru
Sif Muna
Trog
Uskayaw
Vehumet
Wu Jian
Xom
Yredelemnul
Zin
The Shining One

Shops:
D:5

*([
...>.....##
###+###
.......#..##
#.....#
.......##..#
#.....#
.......###.#
#.....#
.......#
#.###.....#
.......#
#...'.....#
####.###
#####.....#
.. ##'####
#.Y# ##O# ...
..... .......
.........
...........
#...........#


You could see a two-headed ogre.


Message History

The kobold brigand hits you with a +0 short sword.
You see here a +0 shortbow. 😕 HP[+3] MP[+1]
You now have 93 max hp (+1).
You regained 3 hp, and now have 77/93 hp.
You hit the kobold brigand but do no damage.
The kobold brigand hits you but does no damage.
You barely miss the kobold brigand.
The kobold brigand misses you. 😕 HP[+3] MP[+1]
You regained 3 hp, and now have 80/93 hp.
You pummel the kobold brigand!! You freeze the kobold brigand!
You kill the kobold brigand!
Cheibriados thoroughly appreciates the change of pace.
No target in view! 😕 HP[+2]
You regained 2 hp, and now have 82/93 hp.
No target in view!
No target in view!
Unknown command.
l - a curare-tipped dart {=f}
Things that are here:
a +0 short sword; a kobold corpse 😎 HP[+11] MP[+2]
Your hp is fully restored (93).
Your mp is fully restored (19).
Unknown command.
E - 2 scrolls of identify {@r1} (gained 1)
You feel yourself speed up.
You open the door.
A deep elf pyromancer, a fire giant, a centaur warrior and a freezing wraith come into view.
The fire giant is wielding a +0 great sword of flaming.
The centaur warrior shouts!
There are monsters nearby!
Unknown command.
You close the door.
As you read the scroll of teleportation {@r4}, it crumbles to dust.
You feel strangely unstable.
A centaur warrior breaks down the door.
The freezing wraith hits you but does no damage.
The freezing wraith closely misses you.
Unknown command.
The freezing wraith attacks as you move away!
The freezing wraith hits you but does no damage.
The freezing wraith hits you. The freezing wraith drains your vigour!
You feel yourself slow down.
Your surroundings suddenly seem different. 😕 HP[-1]
You take 1 damage, and now have 92/93 hp.
You start resting. 😎 HP[+1]
Your hp is fully restored (93).
You feel yourself speed up.
You open the door.
There is an open door here.
You open the door.
Your transformation is almost over.
There is an open door here.
You warm up again.
Your +1 robe unmelds from your body.
You open the door.
There is an open door here.
Found a stone staircase leading down. 😎 HP[-15]
You now have 78 max hp (-15).
You open the door.
There is an open door here.
You open the door.
There is an open door here.
You open the door.
A two-headed ogre comes into view.
It is wielding a +0 giant spiked club and a +0 giant club.
The two-headed ogre shouts in stereo!
Casting: Ice Form (dangerous; 1% risk of failure)
Confirm with . or Enter, or press ? or * to list all spells.
You turn into a creature of crystalline ice.
Your +1 robe melds into your body. 😎 HP[+15] MP[-4]
You now have 93 max hp (+15).
Your hp is fully restored (93).
You lost 4 mp, and now have 15/19 mp.
You hit the two-headed ogre. You freeze the two-headed ogre.
The two-headed ogre hits you with a +0 giant spiked club!!
The two-headed ogre hits you with a +0 giant club!
You are too injured to fight recklessly! 😮 HP[-42]
You take 42 damage, and now have 51/93 hp.
MASSIVE DAMAGE!! (PAUSE)
You barely miss the two-headed ogre. 😮 HP[+1]
You barely miss the two-headed ogre.
The two-headed ogre hits you with a +0 giant spiked club!!
* * * LOW HITPOINT WARNING * * *
The two-headed ogre hits you with a +0 giant club!!
* * * LOW HITPOINT WARNING * * *
😱 HP[-40]
You take 40 damage, and now have 12/93 hp.
MASSIVE DAMAGE!! (PAUSE)
You punch the two-headed ogre!
You freeze the two-headed ogre! 😱 HP[+1] Unknown command.
You pummel the two-headed ogre!! You freeze the two-headed ogre.
The two-headed ogre hits you with a +0 giant spiked club!!
You die...

Skill      XL: |  1  2  3  4  5  6  7  8  9 10 |
---------------+-------------------------------+-----
Transmutations | 3 5 6 7 8 10 | 10.1
Poison Magic   | 1 3 |  3.0
Unarmed Combat | 4 5 6 7 |  7.5
Spellcasting   | 3 4 5 6 |  6.6
Ice Magic      | 3 5 7 |  7.3
Fighting       | |  1.0
Dodging        | |  1.5

Action                     |  1- 3 |  4- 6 |  7- 9 | 10-12 || total
---------------------------+-------+-------+-------+-------++-------
  Melee: Unarmed           |   102 |    86 |   245 |   114 ||   547
         Headbutt          |    13 |     2 |     1 |       ||    16
         Punch             |     1 |     1 |       |     1 ||     3
   Cast: Beastly Appendage |    17 |     7 |     1 |       ||    25
         Spider Form       |     1 |     6 |     9 |       ||    16
         Wereblood         |       |     1 |    11 |     3 ||    15
         Ice Form          |       |       |    12 |     9 ||    21
Ability: Spit Poison       |       |     1 |       |       ||     1
  Evoke: Wand              |       |       |       |     1 ||     1
    Use: Scroll            |     9 |       |     8 |     3 ||    20
         Potion            |       |       |     1 |     2 ||     3
   Stab: Distracted        |       |       |       |     1 ||     1
         Sleeping          |       |       |       |     1 ||     1
 Armour: Robe              |    24 |     8 |    10 |     1 ||    43
         Skin              |       |     1 |    63 |    45 ||   109
  Dodge: Dodged            |    54 |    61 |   189 |    55 ||   359

Levels and vault maps discovered:
D:1:      co_arrival_random_square_maze, layout_basic
D:2:      layout_basic, shapermc_ecumenical_altar_hornbeckon
D:3:      layout_basic, lemuel_crystal_altar, okawaru_gym_becter
D:4:      layout_loops_corners, uniq_pikel
D:5:      layout_loops_ring, temple_statues, serial_bayou, serial_bayou_pond_a,
          serial_bayou_pond_e, serial_bayou_pond_c, serial_bayou_crossing,
          serial_shops, shop, nicolae_shop_window_shopping, nicolae_shop_stone,
          amethyst_killhole
D:6:      layout_rooms, mainiacjoe_overflow_chevrons, serial_aquarium,
          aquarium_bridge_straight [aquarium_subvault_bridge,
          aquarium_subvault_wall, aquarium_subvault_bridge,
          aquarium_subvault_wall], aquarium_window_1,
          aquarium_window_corridor_3, aquarium_window_corner, aquarium_view_4,
          aquarium_view_2c, aquarium_balcony_double_3, uniq_grinder,
          uniq_blork_the_orc, uniq_duvessa
D:7:      layout_rooms
D:8:      statuecave_lemuel, layout_loops_ring, grunt_temple_overflow_holy_war,
          nicolae_overflow_crystal_walls,
          nicolae_gozag_cash_rules_everything_around_me
D:9:      gammafunk_steamed_eel, layout_irregular_city,
          nicolae_overflow_two_pavilions, serial_shops, nicolae_diamond_shop,
          minmay_misc_feat_diagonals, uniq_joseph
D:10:     layout_roguey, nicolae_rejected_hall, uniq_psyche
D:11:     layout_basic, lair_entry_dummy, kennysheep_orc_monster_closet_entryway
Temple:   nicolae_temple_ecumenical_triangle

Notes
Turn   | Place    | Note
-------+----------+-------------------------------------------
     0 | D:1      | kae the Naga Transmuter began the quest for the Orb.
     0 | D:1      | Reached XP level 1. HP: 18/18 MP: 3/3
     0 | D:1      | magus.rc [v1.11.3]
   229 | D:1      | Reached XP level 2. HP: 21/25 MP: 3/5
   251 | D:1      | You add the spells Sting, Poisonous Vapours and Olgreb's
                  | Toxic Radiance to your library.
   673 | D:2      | Learned a level 2 spell: Wereblood
  1129 | D:2      | Found a faded altar of an unknown god.
  1495 | D:2      | Reached XP level 3. HP: 26/31 MP: 4/6
  1499 | D:2      | Learned a level 3 spell: Spider Form
  1641 | D:2      | You pick up a book of Burglary and begin reading...
  1641 | D:2      | You add the spells Passwall, Ensorcelled Hibernation and
                  | Swiftness to your library.
  1852 | D:3      | Found an iron altar of Okawaru.
  1863 | D:3      | HP: 7/31 [goblin/+0 dagger (2)]
  2022 | D:3      | Reached skill level 3 in Transmutations
  2022 | D:3      | Reached skill level 1 in Poison Magic
  2022 | D:3      | Reached XP level 4. HP: 26/38 MP: 3/7
  2399 | D:3      | Reached skill level 2 in Poison Magic
  2465 | D:3      | Found a bloodstained altar of Trog.
  2695 | D:3      | Noticed a necrophage
  2709 | D:3      | Killed a necrophage
  2710 | D:3      | Reached skill level 3 in Poison Magic
  2710 | D:3      | Reached XP level 5. HP: 21/44 MP: 4/9
  2982 | D:3      | Identified the ring of Fuadiceur {Fire Str+5}
  3547 | D:4      | Noticed a lemure
  3547 | D:4      | Noticed Pikel
  3547 | D:4      | Noticed a lemure
  3547 | D:4      | Noticed a lemure
  3547 | D:4      | Noticed a lemure
  3560 | D:4      | Killed Pikel
  3561 | D:4      | Reached skill level 4 in Unarmed Combat
  3561 | D:4      | Reached skill level 3 in Spellcasting
  3561 | D:4      | Reached skill level 5 in Transmutations
  3561 | D:4      | Reached XP level 6. HP: 37/51 MP: 3/11
  3561 | D:4      | Reached XP level 7. HP: 42/57 MP: 3/12
  4054 | D:4      | Reached skill level 4 in Spellcasting
  4206 | D:5      | Entered Level 5 of the Dungeon
  4237 | D:5      | Found a staircase to the Ecumenical Temple.
  4249 | D:5      | Reached skill level 5 in Unarmed Combat
  4249 | D:5      | Reached skill level 6 in Transmutations
  4269 | Temple   | Entered the Ecumenical Temple
  4333 | Temple   | Became a worshipper of Cheibriados the Contemplative
  4372 | D:5      | Reached XP level 8. HP: 63/64 MP: 10/14
  4474 | D:5      | Learned a level 4 spell: Ice Form
  4491 | D:5      | Found Noerus's Assorted Antiques.
  4498 | D:5      | Bought a cyan potion for 22 gold pieces
  4498 | D:5      | Bought a fizzy orange potion for 22 gold pieces
  4498 | D:5      | Bought a fuming white potion for 22 gold pieces
  4498 | D:5      | Bought a puce potion for 22 gold pieces
  4498 | D:5      | Bought a scroll labelled PONGITOZXI for 25 gold pieces
  4623 | D:5      | Found Vemimaopp's Armour Emporium.
  4632 | D:5      | Reached skill level 1 in Ice Magic
  4637 | D:5      | Reached * piety under Cheibriados
  4649 | D:5      | HP: 14/64 [gnoll/+4 spear (8)]
  4653 | D:5      | HP: 2/64 [gnoll/+0 flail (7)]
  4770 | D:5      | You pick up a book of Dreams and begin reading...
  5079 | D:5      | Found Plog's Antique Weapon Shoppe.
  5175 | D:6      | Reached skill level 7 in Transmutations
  5179 | D:6      | Reached skill level 2 in Ice Magic
  5246 | D:6      | Reached skill level 5 in Spellcasting
  5246 | D:6      | Reached skill level 3 in Ice Magic
  5246 | D:6      | Reached XP level 9. HP: 66/70 MP: 11/16
  5355 | D:6      | Noticed Dowan
  5355 | D:6      | Noticed Duvessa
  5372 | D:6      | Reached skill level 6 in Unarmed Combat
  5375 | D:6      | Killed Duvessa
  5378 | D:6      | Killed Dowan
  5401 | D:6      | Noticed Blork the orc
  5413 | D:6      | Killed Blork the orc
  5545 | D:6      | Reached skill level 8 in Transmutations
  5549 | D:6      | Reached ** piety under Cheibriados
  5550 | D:6      | Reached skill level 4 in Ice Magic
  5577 | D:6      | Found a burning altar of Makhleb.
  5598 | D:6      | Noticed Grinder
  5610 | D:6      | Killed Grinder
  5958 | D:7      | You pick up a book of Sloth and begin reading...
  5958 | D:7      | You add the spells Petrify, Metabolic Englaciation and
                  | Statue Form to your library.
  6039 | D:7      | Reached skill level 5 in Ice Magic
  6411 | D:8      | Reached XP level 10. HP: 63/78 MP: 9/18
  6416 | D:8      | Reached skill level 9 in Transmutations
  6429 | D:8      | HP: 12/93 [orc priest/divine providence (16)]
  6430 | D:8      | Reached *** piety under Cheibriados
  6434 | D:8      | Reached skill level 6 in Spellcasting
  6584 | D:8      | Reached skill level 6 in Ice Magic
  6701 | D:8      | Reached skill level 7 in Unarmed Combat
  6856 | D:8      | Found a basalt altar of Yredelemnul.
  6896 | D:8      | Found a glowing golden altar of the Shining One.
  6922 | D:8      | Found a stormy altar of Qazlal.
  6936 | D:8      | You pick up a book of the Senses and begin reading...
  6936 | D:8      | You add the spells Dazzling Flash, Agony and Silence to
                  | your library.
  6977 | D:8      | Found an opulent altar of Gozag.
  7175 | D:8      | Noticed an angel
  7233 | D:9      | You fall into a shaft and drop 2 floors!
  7249 | D:11     | Noticed a two-headed ogre
  7261 | D:11     | Killed a two-headed ogre
  7322 | D:11     | Found a staircase to the Orcish Mines.
  7339 | D:11     | Reached skill level 7 in Ice Magic
  7341 | D:11     | Reached **** piety under Cheibriados
  7343 | D:11     | HP: 19/93 [orc warrior/+0 trident (13)]
  7343 | D:11     | HP: 6/93 [orc warrior/+0 trident (10)]
  7348 | D:11     | HP: 17/93 [poisoned by a gnoll sergeant]
  7369 | D:11     | Reached skill level 10 in Transmutations
  7514 | D:11     | You pick up a book of Blood and begin reading...
  7514 | D:11     | You add the spells Sublimation of Blood and Summon Hydra to
                  | your library.
  7619 | D:11     | Noticed a kobold demonologist
  7661 | D:10     | Entered Level 10 of the Dungeon
  7717 | D:10     | Noticed a deep elf pyromancer
  7717 | D:10     | Noticed a fire giant
  7717 | D:10     | Noticed a centaur warrior
  7767 | D:10     | Noticed a two-headed ogre
  7772 | D:10     | HP: 12/93 [two-headed ogre/+0 giant spiked club (22)]
  7774 | D:10     | Demolished by a two-headed ogre

Vanquished Creatures
  A two-headed ogre (D:11)
  Pikel (D:4)
  A troll (D:11)
  Grinder (D:6)
  A shadow (D:11)
  A wyvern (D:7)
  A vampire (D:11)
  A steam dragon (D:8)
  A water moccasin (D:6)
  Duvessa (D:6)
  6 orc warriors
  2 sky beasts
  2 black bears (D:6)
  3 ice beasts
  A centaur (D:10)
  7 ogres
  Blork the orc (D:6)
  2 kobold brigands
  A bullfrog (D:8)
  2 gnoll sergeants (D:11)
  2 scorpions (D:5)
  2 necrophages
  Dowan (D:6)
  5 killer bees (D:8)
  3 hounds
  A gnoll bouda (D:6)
  3 orc priests
  4 iguanas
  5 orc wizards
  13 gnolls
  4 adders
  2 shadow imps
  2 white imps
  3 ufetubi
  A dart slug (D:3)
  33 orcs
  A bat (D:1)
  2 endoplasms
  5 giant cockroaches
  10 goblins
  3 hobgoblins
  5 jackals
  2 quokkas
  4 ball pythons
  5 frilled lizards (D:2)
  10 kobolds
  4 rats
172 creatures vanquished.

Vanquished Creatures (collateral kills)
  A gnoll sergeant (D:11)
  2 orcs (D:11)
3 creatures vanquished.

Vanquished Creatures (others)
  An orc warrior (D:11)
  11 fungi (D:6)
  A plant (D:5)
13 creatures vanquished.

Grand Total: 188 creatures vanquished

Table legend:
 A = Non-vault XP
 B = Vault XP
 C = Vault XP percentage of total XP
 D = Non-vault monster count
 E = Vault monster count
 F = Vault count percentage of total count
                 A         B        C        D         E       F
            +---------+---------+-------+---------+---------+-------
      Total |    5644 |    2673 |  32.1 |     149 |      26 |  14.9
            +---------+---------+-------+---------+---------+-------
        D:1 |      17 |       0 |   0.0 |       9 |       0 |   0.0
        D:2 |      22 |       0 |   0.0 |      16 |       0 |   0.0
        D:3 |     195 |       0 |   0.0 |      22 |       0 |   0.0
        D:4 |     240 |     617 |  72.0 |      10 |       1 |   9.1
        D:5 |     685 |       0 |   0.0 |      28 |       0 |   0.0
        D:6 |    1395 |     606 |  30.3 |      26 |       4 |  13.3
        D:7 |     793 |       0 |   0.0 |      11 |       0 |   0.0
        D:8 |    1029 |       0 |   0.0 |      24 |       0 |   0.0
       D:10 |       0 |     203 | 100.0 |       0 |       2 | 100.0
       D:11 |    1268 |    1247 |  49.6 |       3 |      19 |  86.4
            +---------+---------+-------+---------+---------+-------

Illustrated notes

Table legend:
 A = Kills in this place as a percentage of kills in entire the game.
 B = Kills by you in this place as a percentage of kills by you in the entire game.
 C = Kills by friends in this place as a percentage of kills by friends in the entire game.
 D = Other kills in this place as a percentage of other kills in the entire game.
 E = Experience gained in this place as a percentage of experience gained in the entire game.
 F = Experience gained in this place divided by the number of levels of this place that you have seen.
                   A       B       C       D       E      F
               +-------+-------+-------+-------+-------+----------------------
         Total | 100.0 | 100.0 | 100.0 |   N/A | 100.0 | 693.1
       Dungeon | 100.0 | 100.0 | 100.0 |   N/A | 100.0 | 756.1
               +-------+-------+-------+-------+-------+----------------------

Table legend: (Time is in decaauts)
 A = Elapsed time spent in this place.
 B = Non-inter-level travel time spent in this place.
 C = Inter-level travel time spent in this place.
 D = Time resting spent in this place.
 E = Time spent auto-exploring this place.
 F = Levels seen in this place.
 G = Mean time per level.
                   A        B        C        D        E       F      G
               +--------+--------+--------+--------+--------+-----+--------+
         Total |  11335 |  10871 |    464 |    143 |   9349 |  12 |  944.6 |
       Dungeon |  11245 |  10804 |    441 |    143 |   9291 |  11 | 1022.3 |
        Temple |     89 |     66 |     23 |      0 |     58 |   1 |   89.0 |
               +--------+--------+--------+--------+--------+-----+--------+

Top non-repeatable levels by time:
     D:3: 1734 daAuts
     D:8: 1595 daAuts
     D:2: 1564 daAuts
     D:5: 1356 daAuts
     D:4: 1227 daAuts
     D:6: 1181 daAuts
     D:1: 867 daAuts
     D:7: 760 daAuts
    D:11: 720 daAuts
    D:10: 214 daAuts
  Temple: 89 daAuts
     D:9: 20 daAuts
